AoeStats
← Green Assassin

African Clearing

505763613Analyzed
4v4 RM · 20d ago on Sep 10, 2026· 51m 59s· 8 players
Game mode
Random Map
Map size
Large (8 player)
Population
200
Speed
Normal
Resources
Standard
Victory
Conquest
Starting age
Dark Age
Ending age
Imperial Age
RankedLock teamsTeams togetherTeam positionsShared explorationLock speedFull tech treeHidden civsTurbo modeCheats
Victory
Defeat
🇨🇦 Jurchens · Canada
1346
+11
🇨🇦 Slavs · Canada
1264
+14
🇨🇦 Mongols · Canada
1253
+15
🇨🇦 Hindustanis · Canada
1212
+16
🇺🇸 Franks · United States
1266
-15
🇧🇷 Koreans · Brazil
1252
-15
🇨🇦 Italians · Canada
1214
-14
🇩🇪 Gurjaras · Germany
1168
-12
moi
12:48 Feudal Age
16:42 Castle Age
16:55 Loom
17:07 Double-Bit Axe
17:22 Fletching
21:45 Bow Saw
23:57 Bodkin Arrow
26:19 Ballistics
27:34 Horse Collar
28:02 Padded Archer Armor
37:00 Imperial Age
34:51 Heavy Plow
38:13 Conscription
39:10 Chemistry
38:57 Bracer
40:10 Pirotechnia
40:46 Leather Archer Armor
43:41 Ring Archer Armor
43:06 Gold Mining
45:32 Wheelbarrow
Magnificent Bastard
10:23 Loom
12:55 Feudal Age
13:31 Double-Bit Axe
16:48 Wheelbarrow
16:33 Forging
24:04 Castle Age
23:34 Scale Barding Armor
25:10 Chain Barding Armor
25:28 Iron Casting
24:51 Town Watch
26:44 Chain Barding Armor
28:48 Gold Mining
29:44 Husbandry
30:36 Gold Shaft Mining
35:16 Bow Saw
35:49 Scale Mail Armor
40:19 Imperial Age
39:05 Hand Cart
40:23 Cavalier
43:27 Plate Barding Armor
43:56 #83
45:08 Blast Furnace
46:09 Chain Mail Armor
46:11 Fletching
47:39 Conscription
47:50 Bodkin Arrow
Green Assassin
3:12 Loom
13:19 Feudal Age
19:08 Castle Age
17:33 Double-Bit Axe
19:56 Wheelbarrow
22:53 Forging
29:29 Iron Casting
30:56 Fishing Lines
34:29 Scale Mail Armor
35:46 Gillnets
36:14 Chain Mail Armor
40:07 Imperial Age
38:20 Husbandry
38:38 Scale Barding Armor
39:32 Kshatriyas
39:59 Hand Cart
40:36 Bloodlines
40:58 Bow Saw
42:20 Chain Barding Armor
41:28 Heavy Camel Rider
44:09 Plate Barding Armor
44:34 Conscription
44:26 Elite Chakram Thrower
44:38 Light Cavalry
46:55 Plate Mail Armor
50:32 Frontier Guards
Scofiield
6:02 Loom
11:35 Feudal Age
12:21 Double-Bit Axe
16:14 Wheelbarrow
20:09 Town Watch
24:17 Castle Age
22:57 Scale Barding Armor
24:12 Forging
24:28 Pikeman
25:23 Squires
25:25 Scale Mail Armor
26:06 Bow Saw
Porkypick
4:59 Loom
13:45 Feudal Age
18:00 Castle Age
23:59 Wheelbarrow
25:19 Horse Collar
25:29 Double-Bit Axe
27:31 Fletching
30:01 Heavy Plow
29:41 Elite Skirmisher
32:13 Hand Cart
32:17 Bow Saw
32:55 Bodkin Arrow
34:00 Gold Mining
35:23 Thumb Ring
36:40 Padded Archer Armor
38:10 Ballistics
40:33 Imperial Age
41:51 Drill
41:46 Pikeman
42:27 Squires
42:13 Capped Ram
43:24 Bracer
43:40 Leather Archer Armor
48:14 Onager
50:14 Siege Onager
Porcy
5:07 Loom
13:29 Feudal Age
14:22 Double-Bit Axe
18:37 Castle Age
17:54 Scale Barding Armor
18:01 Bloodlines
18:39 Forging
24:30 Husbandry
25:53 Chain Barding Armor
29:24 Iron Casting
38:37 Wheelbarrow
39:31 Fletching
40:01 Bow Saw
40:16 Town Watch
40:47 Hand Cart
41:26 Gold Mining
42:07 Ballistics
44:46 Imperial Age
46:05 Plate Barding Armor
46:55 Blast Furnace
45:58 Stone Mining
47:37 Conscription
46:44 Elite Iron Pagoda
48:36 Gold Shaft Mining
Thek
4:48 Loom
14:17 Feudal Age
15:29 Horse Collar
16:19 Double-Bit Axe
21:53 Castle Age
23:03 Scale Barding Armor
23:09 Forging
23:01 Scale Mail Armor
23:42 Wheelbarrow
24:18 Heavy Plow
26:06 Town Watch
27:45 Bloodlines
28:39 Iron Casting
29:13 Hand Cart
29:00 Fletching
30:59 Bow Saw
32:10 Detinets
32:55 Chain Mail Armor
32:04 Pikeman
33:30 Squires
37:29 Imperial Age
35:47 Ballistics
34:51 Man-at-Arms
36:28 Masonry
36:00 Long Swordsman
37:35 Bodkin Arrow
38:15 Druzhina
38:50 Plate Mail Armor
38:25 Gold Mining
39:03 Conscription
40:10 Chemistry
39:44 Town Patrol
39:09 Two-Handed Swordsman
41:15 Two-Man Saw
40:49 Crop Rotation
40:15 Champion
41:57 Hoardings
43:03 Blast Furnace
41:26 Halberdier
50:51 Chain Barding Armor
Etienne
9:06 Loom
14:15 Feudal Age
15:29 Double-Bit Axe
22:16 Castle Age
20:23 Horse Collar
28:24 Wheelbarrow
28:58 Husbandry
29:37 Bloodlines
31:15 Fletching
32:06 Forging
32:48 Scale Barding Armor
32:12 Pikeman
35:24 Iron Casting
35:09 Chain Barding Armor
37:13 Bodkin Arrow
38:41 Gold Mining
41:46 Imperial Age
40:45 Hand Cart
41:06 Heavy Plow
43:32 Gold Shaft Mining
45:07 Plate Barding Armor
44:58 Conscription
44:34 Heavy Camel Rider
47:02 Blast Furnace
46:34 Imperial Camel Rider
Connection lost

Rejoining the realm…

Still unreachable

The connection could not be restored.

Session expired

The server has moved on; the page needs a fresh start.